 Dungeon Crawl Stone Soup version 0.24.0-13-gcf9b319 (webtiles) character file.

Game seed: 9951633520560962849, levelgen mode: deterministic

963 Bronimir the Poker (level 7, -6/52 HPs)
             Began as a Demonspawn Gladiator on Apr 12, 2020.
             Was an Initiate of Okawaru.
             Mangled by an orc warrior
             ... wielding a cursed +0 glaive
              (17 damage)
             ... in the Ecumenical Temple.
             The game lasted 00:09:12 (4825 turns).

Bronimir the Poker (Demonspawn Gladiator)           Turns: 4825, Time: 00:09:12

Health: -6/52      AC:  7    Str: 17    XL:     7   Next: 92%
Magic:  7/7        EV: 13    Int:  9    God:    Okawaru [......]
Gold:   385        SH:  0    Dex: 14    Spells: 4/6 levels left

rFire    . . .     SeeInvis .   G - +0 trident
rCold    . . .     Gourm    .   (no shield)
rNeg     . . .     Faith    .   H - +0 ring mail
rPois    .         Spirit   .   (helmet restricted)
rElec    .         Reflect  .   (no cloak)
rCorr    .         Harm     .   (no gloves)
MR       .....                  (no boots)
Stlth    +.........             (no amulet)
HPRegen  0.17/turn              (no ring)
MPRegen  0.10/turn              (no ring)

@: no status effects
A: horns 2, yellow scales 1, rot immunity
a: Renounce Religion


You were in the Ecumenical Temple.
You worshipped Okawaru.
Okawaru was noncommittal.
You were near starving.

You visited 2 branches of the dungeon, and saw 7 of its levels.

You collected 385 gold pieces.

Inventory:

Hand Weapons
 a - a +0 scythe
 b - a +0 hunting sling
 G - a +0 trident (weapon)
Missiles
 d - 3 throwing nets
 h - 207 stones
 t - 4 javelins (quivered)
 B - 26 sling bullets
 C - 54 bolts
 D - 26 poisoned darts
 L - 4 boomerangs of dispersal
Armour
 c - a +0 helmet
 g - a +0 large shield
 y - a +0 leather armour
 H - a +0 ring mail (worn)
Jewellery
 j - an uncursed ring of protection from cold {unknown}
 r - an uncursed ring of fire {unknown}
Wands
 p - a wand of acid (12)
 F - a wand of flame (19)
 O - a wand of polymorph (5)
Scrolls
 e - 4 scrolls of remove curse {unknown}
 i - 2 scrolls of amnesia {unknown}
 k - 6 scrolls of identify {unknown}
 l - 2 scrolls of fog {unknown}
 m - 2 scrolls of noise {unknown}
 n - 3 scrolls of enchant weapon {unknown}
 o - 2 scrolls of random uselessness {unknown}
 q - 2 scrolls of immolation {unknown}
 v - 5 scrolls of magic mapping {unknown}
 w - 4 scrolls of teleportation {unknown}
 x - 2 scrolls of enchant armour {unknown}
 K - a scroll of fear {unknown}
 M - a scroll of blinking {unknown}
Potions
 s - 2 potions of might {unknown}
 u - a potion of curing {unknown}
 z - 2 potions of agility
 A - a potion of lignification
 E - a potion of magic {unknown}
 I - 2 potions of heal wounds {unknown}
 J - a potion of berserk rage
Comestibles
 f - 10 rations


   Skills:
 + Level 3.6 Fighting
 + Level 6.4 Polearms
 + Level 1.9 Throwing
 + Level 2.8 Armour
 + Level 4.4 Dodging
 + Level 1.8 Stealth


You had 4 spell levels left.
You knew the following spells:

 Your Spells              Type           Power        Failure   Level  Hunger
a - Animate Skeleton      Necr           N/A          58%         1    ##.....
b - Confusing Touch       Hex            #.....       58%         1    ##.....

Your spell library contained the following spells:

 Spells                   Type           Power        Failure   Level  Hunger
 Apportation              Tloc           #.....       58%         1    ##.....
 Summon Small Mammal      Summ           #...         58%         1    ##.....


Dungeon Overview and Level Annotations

Branches:
Dungeon (6/15)             Temple (1/1) D:6

Altars:
Dithmenos
Elyvilon
Gozag
Hepliaklqana
Kikubaaqudgha
Makhleb
Nemelex Xobeh
Okawaru
Qazlal
Ru
Sif Muna
Trog
Uskayaw
Vehumet
Wu Jian
Xom
Yredelemnul
Zin
The Shining One


Innate Abilities, Weirdness & Mutations

You have a pair of horns on your head.
You are partially covered in yellow scales. (AC +2)
You are immune to rotting.


Message History

The orc warrior hits you with a cursed +0 glaive!!
The orc priest barely misses you.
You puncture the orc priest!
You kill the orc priest!
Okawaru accepts your kill. The orc warrior closely misses you.
Cast which spell? (? or * to list)
Okay, then.
You closely miss the orc warrior.
The orc warrior hits you with a cursed +0 glaive!
You closely miss the orc warrior. You barely miss the orc warrior.
The orc warrior misses you.
You hit the orc warrior.
The orc warrior is lightly wounded.
The orc warrior hits you with a cursed +0 glaive!
* * * LOW HITPOINT WARNING * * *
You hit the orc warrior but do no damage.
The orc warrior is lightly wounded.
The orc warrior hits you with a cursed +0 glaive!
You die...

#.#...#.#.....#.#...#.#..##
.#...#....#.#....#...#..##
....#.....#.......#....##
#..#..._......._...#.⌠##
##..#.......#.....#....##
##..#....#.#....#...#..##
##..#.#.....#.#...#.#..##
##..#..._...#[..#...#..##
##..#.....#o@.#.....#..##
##..#...#...#..._...#..##
##..#.#...#.#.....#.#..##
##..#...#....#.#....#..##
##....#.....#.......#..##
##⌠.#..._......._...#..#
##....#.......#.....#....
##..#...#....#.#....#...#.
##..#.#...#.#.....#.#...#.#


You could see an orc warrior.

Vanquished Creatures
  Sigmund (D:3)
  A black bear (D:6)
  A bullfrog (D:5)
  A howler monkey (D:6)
  A centaur zombie (D:5)
  An orc priest (Temple)
  3 hounds
  5 worker ants
  A killer bee zombie (D:6)
  2 hound skeletons (D:4)
  7 adders
  10 gnolls
  An ooze (D:6)
  2 worms
  6 dart slugs
  3 leopard geckos
  6 orcs
  8 giant cockroaches
  10 goblins
  12 hobgoblins
  8 jackals (D:5)
  4 quokkas
  A ball python (D:5)
  10 bats
  8 frilled lizards
  2 jackal skeletons
  4 kobolds
  A leopard gecko skeleton (D:4)
  A quokka skeleton (D:4)
  5 rats
126 creatures vanquished.

Vanquished Creatures (others)
  2 orcs (D:6)
  A frilled lizard (D:1)
3 creatures vanquished.

Grand Total: 129 creatures vanquished

Notes
Turn   | Place    | Note
-------+----------+-------------------------------------------
     0 | D:1      | Bronimir the Demonspawn Gladiator began the quest for the
                  | Orb.
     0 | D:1      | Reached XP level 1. HP: 16/16 MP: 1/1
    32 | D:1      | Gained mutation: You are partially covered in yellow
                  | scales. (AC +2) [demonic ancestry]
    32 | D:1      | Reached XP level 2. HP: 22/22 MP: 2/2
    35 | D:1      | Reached skill level 3 in Polearms
   445 | D:1      | Gained mutation: You have a pair of small horns on your
                  | head. [demonic ancestry]
   445 | D:1      | Reached XP level 3. HP: 27/27 MP: 3/3
   856 | D:2      | Gained mutation: You have a pair of horns on your head.
                  | [demonic ancestry]
   856 | D:2      | Reached XP level 4. HP: 14/33 MP: 4/4
  1214 | D:2      | Reached skill level 4 in Polearms
  1276 | D:2      | Found a bloodstained altar of Trog.
  1632 | D:2      | Found a bloodstained altar of Trog.
  2113 | D:3      | Reached skill level 1 in Armour
  2113 | D:3      | Reached XP level 5. HP: 39/39 MP: 5/5
  2565 | D:3      | Found a glowing golden altar of the Shining One.
  2571 | D:3      | Reached skill level 1 in Stealth
  2590 | D:3      | Gained mutation: You are immune to rotting. [demonic
                  | ancestry]
  2590 | D:3      | Reached XP level 6. HP: 35/46 MP: 6/6
  2678 | D:3      | Noticed Sigmund
  2694 | D:3      | Killed Sigmund
  2694 | D:3      | Reached skill level 5 in Polearms
  3061 | D:4      | Found a radiant altar of Vehumet.
  3247 | D:4      | Reached XP level 7. HP: 42/52 MP: 7/7
  3533 | D:5      | Entered Level 5 of the Dungeon
  3678 | D:5      | Learned a level 1 spell: Animate Skeleton
  3680 | D:5      | Learned a level 1 spell: Confusing Touch
  4085 | D:6      | Reached skill level 6 in Polearms
  4226 | D:6      | Found a staircase to the Ecumenical Temple.
  4233 | Temple   | Entered the Ecumenical Temple
  4629 | Temple   | Became a worshipper of Warmaster Okawaru
  4825 | Temple   | Mangled by an orc warrior

Levels and vault maps discovered:
D:1:      shiori_arrival_oz, layout_rooms
D:2:      kennysheep_the_goblin_king, layout_basic, overflow_temple_1_default,
          trog_butcher_becter
D:3:      layout_basic, nicolae_overflow_crystal_walls, uniq_sigmund
D:4:      layout_rooms, vehumet_altar_wand_db
D:5:      layout_rooms, first_ration
D:6:      layout_basic, kennysheep_mini_moat, minmay_temple_entry_wispy
Temple:   eino_temple_rhombus

Skill      XL: |  1  2  3  4  5  6  7 |
---------------+----------------------+-----
Polearms       | 3 4 5 6 |  6.4
Dodging        | 3 4 |  4.4
Armour         | 1 2 |  2.8
Stealth        | 1 |  1.8
Fighting       | 3 |  3.6
Throwing       | |  1.9

Action                   |  1- 3 |  4- 6 |  7- 9 || total
-------------------------+-------+-------+-------++-------
Melee: Trident           |    83 |   221 |   136 ||   440
       Headbutt          |     3 |    23 |    25 ||    51
  Use: Potion            |     4 |       |       ||     4
 Stab: Sleeping          |     3 |     3 |       ||     6
  Eat: Chunk             |       |     7 |     4 ||    11
Armor: Leather armour    |    16 |    64 |       ||    80
       Ring mail         |       |     2 |    46 ||    48
Dodge: Dodged            |    55 |   182 |   109 ||   346
